 Dungeon Crawl Stone Soup version 0.25-a0-306-g3faca94807 (webtiles) character file.

Game seed: 6632477792843062842, levelgen mode: deterministic

807 DerDa the Magician (level 7, -8/41 HPs)
             Began as an Octopode Fire Elementalist on Dec 21, 2019.
             Was an Initiate of Sif Muna.
             Mangled by an ice beast (9 damage)
             ... on level 5 of the Dungeon.
             The game lasted 00:17:19 (3893 turns).

DerDa the Magician (Octopode Fire Elementalist)     Turns: 3893, Time: 00:17:20

Health: -8/41      AC:  1    Str:  7    XL:     7   Next: 92%
Magic:  3/15       EV: 13    Int: 19    God:    Sif Muna [......]
Gold:   294        SH:  0    Dex: 13    Spells: 16/17 levels left

rFire    . . .     SeeInvis .   s - +1 hand axe (venom)
rCold    . . .     Gourm    .   (no shield)
rNeg     . . .     Faith    .   (helmet restricted)
rPois    .         Spirit   .   (no amulet)
rElec    .         Reflect  .   (no ring)
rCorr    .         Harm     .   (no ring)
MR       .....                  (no ring)
Stlth    +++.......             (no ring)
HPRegen  0.13/turn              (no ring)
MPRegen  0.14/turn              (no ring)
                                (no ring)
                                (no ring)

@: no status effects
A: almost no armour, stealthy swim, amphibious, 8 rings, constrict 8, camouflage
1, gelatinous body 1
a: Renounce Religion


You were on level 5 of the Dungeon.
You worshipped Sif Muna.
Sif Muna was noncommittal.
You were not hungry.

You visited 1 branch of the dungeon, and saw 5 of its levels.
You also visited: Sewer.

You collected 294 gold pieces.

Inventory:

Hand Weapons
 e - a +0 club
 h - a +0 short sword
 s - a +1 hand axe of venom (weapon)
Missiles
 f - 169 stones (quivered)
 m - 45 sling bullets
 r - 26 bolts
Scrolls
 d - 2 scrolls of enchant armour {unknown}
 g - a scroll of fog
 j - 3 scrolls of remove curse
 l - a scroll of teleportation {unknown}
 p - a scroll of amnesia {unknown}
 q - 4 scrolls of fear {unknown}
 t - a scroll of magic mapping {unknown}
 v - a scroll of identify
Potions
 a - a potion of brilliance
 c - 3 potions of curing
 i - a potion of heal wounds
 k - 3 potions of flight {unknown}
 n - a potion of agility {unknown}
 o - 2 potions of lignification {unknown}
 u - a potion of degeneration {unknown}
 w - a potion of invisibility {unknown}
 x - a potion of resistance {unknown}
Comestibles
 b - 8 rations


   Skills:
 - Level 2.0 Dodging
 - Level 2.6 Stealth
 * Level 5.8 Spellcasting
 + Level 4.2 Conjurations
 + Level 5.2 Fire Magic


You had 16 spell levels left.
You knew the following spells:

 Your Spells              Type           Power        Failure   Level  Hunger
a - Foxfire               Conj/Fire      ###.         1%          1    None

Your spell library contained the following spells:

 Spells                   Type           Power        Failure   Level  Hunger
 Conjure Flame            Conj/Fire      ###.....     4%          3    ##.....
 Summon Small Mammal      Summ           #...         12%         1    None
 Inner Flame              Hex/Fire       ###.....     12%         3    ##.....
 Sticky Flame             Conj/Fire      ###.....     16%         4    ####...
 Call Imp                 Summ           #.......     17%         2    None
 Call Canine Familiar     Summ           #.......     34%         3    ##.....
 Summon Guardian Golem    Hex/Summ       #.......     34%         3    ##.....
 Fireball                 Conj/Fire      ###.......   41%         5    #####..
 Summon Ice Beast         Ice/Summ       #.......     75%         4    ####...
 Summon Lightning Spire   Summ/Air       #.......     75%         4    ####...


Dungeon Overview and Level Annotations

Branches:
Dungeon (5/15)              Sewer (visited)
 Temple: D:4-7

Altars:
Elyvilon
Hepliaklqana
Okawaru
Sif Muna
Vehumet
Zin
The Shining One


Innate Abilities, Weirdness & Mutations

You cannot wear most types of armour.
You are very stealthy in the water. (Stealth+)
You are amphibious.
You can wear up to eight rings at the same time.
You can use your tentacles to constrict eight enemies at once.
Your skin changes colour to match your surroundings (Stealth+).
Your rubbery body absorbs attacks. (AC +1, EV +1)


Message History

The ice beast is almost dead.
The foxfire hits the ice beast but does no damage.
The ice beast is almost dead.
Casting: Foxfire (safe; 1% risk of failure)
Confirm with . or Enter, or press ? or * to list all spells.
You conjure some foxfire!
The ice beast hits you.
* * * LOW HITPOINT WARNING * * *
The ice beast freezes you!
* * * LOW HITPOINT WARNING * * *
Casting: Foxfire (safe; 1% risk of failure)
Confirm with . or Enter, or press ? or * to list all spells.
You conjure some foxfire!
The foxfire hits the ice beast but does no damage.
The ice beast is almost dead.
The foxfire hits the ice beast.
The ice beast is almost dead.
The ice beast hits you.
* * * LOW HITPOINT WARNING * * *
The ice beast freezes you!
You die...

########## ##......_.##
#########
##..........###...#...##
#............#(........##
##....<.........)......._#
#........ยงยง...#.........##
##.......v@...##...#...##
#.......vY....#########
#.................#
##......%..........
#.....).[......#..
#...........<..# .
##............##
##..........## ..#........#


You could see an ice beast.

Vanquished Creatures
  Purgy (Sewer)
  An ogre (D:4)
  A centaur (D:5)
  2 scorpions (D:4)
  A howler monkey (D:4)
  A jelly (D:5)
  3 orc wizards
  2 orc priests
  A worker ant (D:4)
  4 gnolls (D:2)
  8 adders
  2 oozes
  An adder skeleton (D:4)
  A worm (D:3)
  5 dart slugs
  A leopard gecko (D:1)
  10 orcs
  A ball python (D:2)
  5 giant cockroaches
  7 goblins
  8 hobgoblins
  8 jackals
  A quokka (D:3)
  10 bats
  5 frilled lizards
  6 kobolds
  A leopard gecko skeleton (D:4)
  3 rats
100 creatures vanquished.

Vanquished Creatures (others)
  293 foxfires
293 creatures vanquished.

Grand Total: 393 creatures vanquished

Notes
Turn   | Place    | Note
-------+----------+-------------------------------------------
     0 | D:1      | DerDa the Octopode Fire Elementalist began the quest for
                  | the Orb.
     0 | D:1      | Reached XP level 1. HP: 11/11 MP: 3/3
   140 | D:1      | Reached XP level 2. HP: 17/17 MP: 0/5
   531 | D:1      | Reached XP level 3. HP: 21/21 MP: 0/6
   690 | D:2      | Found an iron altar of Okawaru.
   883 | D:2      | Reached XP level 4. HP: 26/27 MP: 6/8
  1548 | D:3      | Reached XP level 5. HP: 31/31 MP: 4/10
  2327 | D:3      | Reached XP level 6. HP: 36/36 MP: 8/12
  2705 | D:4      | Found a glowing drain.
  2711 | Sewer    | Entered a sewer
  2816 | Sewer    | Noticed Purgy
  2827 | Sewer    | Killed Purgy
  2980 | D:4      | Reached XP level 7. HP: 41/41 MP: 7/14
  2984 | D:4      | Reached skill level 5 in Spellcasting
  3620 | D:4      | Found a white marble altar of Elyvilon.
  3623 | D:4      | Found a glowing golden altar of the Shining One.
  3734 | D:4      | Reached skill level 5 in Fire Magic
  3759 | D:4      | Found a glowing silver altar of Zin.
  3759 | D:4      | Found a radiant altar of Vehumet.
  3826 | D:5      | Entered Level 5 of the Dungeon
  3826 | D:5      | Found a hazy altar of Hepliaklqana.
  3854 | D:5      | Found a shimmering blue altar of Sif Muna.
  3862 | D:5      | Became a worshipper of Sif Muna the Loreminder
  3893 | D:5      | HP: 1/41 [ice beast (3)]
  3893 | D:5      | Mangled by an ice beast

Levels and vault maps discovered:
D:1:      sevenhm_arrival_forest_fort_small_6, layout_basic
D:2:      layout_loops_ring, kennysheep_okawaru_gauntlet
D:3:      layout_rooms, first_ration
D:4:      kennysheep_goblin_castle, layout_basic,
          nicolae_overflow_hidden_temple, minmay_temple_entry_statues_pillars,
          portal_sewer_entry_e, minmay_ruptured
D:5:      layout_cave_pods, marbit_many_paths, overflow_temple_1_default

Skill      XL: |  1  2  3  4  5  6  7 |
---------------+----------------------+-----
Spellcasting   | 3 4 5 |  5.8
Conjurations   | 2 3 4 |  4.2
Fire Magic     | 4 5 |  5.2
Dodging        | |  2.0
Stealth        | |  2.6

Action                   |  1- 3 |  4- 6 |  7- 9 || total
-------------------------+-------+-------+-------++-------
Melee: Unarmed           |     2 |       |       ||     2
       Constrict         |     4 |    12 |     6 ||    22
       Tentacles         |     3 |     5 |     1 ||     9
       Short sword       |     9 |    12 |       ||    21
       Hand axe          |       |    13 |    15 ||    28
 Cast: Foxfire           |    38 |    90 |    36 ||   164
  Use: Scroll            |       |     4 |       ||     4
       Potion            |       |       |     1 ||     1
 Stab: Sleeping          |     1 |     2 |     1 ||     4
  Eat: Chunk             |       |     6 |     3 ||     9
Armor: Skin              |     3 |     2 |       ||     5
Dodge: Dodged            |     8 |    33 |    15 ||    56

Table legend:
 A = Non-vault XP
 B = Vault XP
 C = Vault XP percentage of total XP
 D = Non-vault monster count
 E = Vault monster count
 F = Vault count percentage of total count
                 A         B        C        D         E       F
            +---------+---------+-------+---------+---------+-------
      Total |     958 |     196 |  17.0 |      90 |      10 |  10.0
            +---------+---------+-------+---------+---------+-------
        D:1 |      48 |       0 |   0.0 |      23 |       0 |   0.0
        D:2 |     103 |       4 |   3.7 |      17 |       2 |  10.5
        D:3 |     174 |       0 |   0.0 |      26 |       0 |   0.0
        D:4 |     479 |      55 |  10.3 |      22 |       1 |   4.3
        D:5 |     154 |       3 |   1.9 |       2 |       1 |  33.3
      Sewer |       0 |     134 | 100.0 |       0 |       6 | 100.0
            +---------+---------+-------+---------+---------+-------
